 Dungeon Crawl Stone Soup version 0.32-a0-886-g41c5271027 (webtiles) character file.

Game seed: 3179825659658811040

1064 0gre the Chiller (level 8, -3/58 HPs)
             Began as a Gnoll Ice Elementalist on Apr 2, 2024.
             Was an Initiate of Gozag.
             Slain by Edmund
             ... wielding a +1 dire flail of protection
              (8 damage)
             ... on level 5 of the Dungeon.
             The game lasted 00:23:03 (4219 turns).

0gre the Chiller (Gnoll Ice Elementalist)           Turns: 4219, Time: 00:23:04

Health: -3/58      AC:  7    Str:  7    XL:     8   Next: 27%
Magic:  12/17      EV: 13    Int: 14    God:    Gozag
Gold:   259        SH:  0    Dex: 16    Spells: 11/19 levels left

rFire   . . .        e - +0 great mace
rCold   . . .        (shield currently unavailable)
rNeg    . . .        o - +2 robe
rPois   .            (no helmet)
rElec   .            (no cloak)
rCorr   .            f - +2 pair of gloves
SInv    .            (no boots)
Will    .....        g - amulet of the acrobat
Stlth   +++          (no ring)
HPRegen 0.29/turn    (no ring)
MPRegen 0.15/turn

%: acrobat
@: freezing walls
A: fangs 1, strong nose, distributed training
a: Renounce Religion, Potion Petition, Call Merchant, Bribe Branch


You were on level 5 of the Dungeon.
You worshipped Gozag.
Gozag was aware of your devotion.
You visited 2 branches of the dungeon, and saw 6 of its levels.

You collected 341 gold pieces.
You paid 82 gold pieces to Gozag.

Inventory:

Hand Weapons
 a - a +0 long sword
 b - a +0 sling
 c - a +0 spear
 d - a +2 vampiric dagger
 e - a +0 great mace (weapon)
Missiles
 v - 9 poisoned darts
 z - 3 boomerangs (quivered)
Armour
 f - a +2 pair of gloves (worn)
 o - a +2 robe (worn)
Jewellery
 g - an amulet of the acrobat (around neck)
 y - a ring of protection from cold
Wands
 j - a wand of charming (17)
 m - a wand of flame (20)
 w - a wand of light (10)
Scrolls
 h - a scroll of teleportation {unknown}
 i - 3 scrolls of fog
 k - 3 scrolls of fear {unknown}
 q - 3 scrolls of blinking
 s - 2 scrolls of vulnerability {unknown}
Potions
 l - 2 potions of attraction
 n - a potion of resistance
 p - 2 potions of mutation
 r - 2 potions of curing
 t - a potion of magic
 u - a potion of might
 x - a potion of cancellation


   Skills:
 + Level 3.2 Fighting
 + Level 3.2 Short Blades
 + Level 3.2 Long Blades
 + Level 3.2 Axes
 + Level 3.2 Maces & Flails
 + Level 3.2 Polearms
 + Level 3.2 Staves
 + Level 3.2 Ranged Weapons
 + Level 3.2 Throwing
 + Level 3.2 Armour
 + Level 5.6 Dodging
 + Level 5.3 Stealth
 + Level 3.2 Shields
 + Level 3.2 Unarmed Combat
 + Level 6.0 Spellcasting
 + Level 2.6 Conjurations
 + Level 2.6 Hexes
 + Level 2.6 Summonings
 + Level 2.6 Necromancy
 + Level 2.6 Translocations
 + Level 2.6 Fire Magic
 + Level 7.6 Ice Magic
 + Level 2.6 Air Magic
 + Level 2.6 Earth Magic
 + Level 2.6 Alchemy
 + Level 3.5 Invocations
 + Level 3.2 Evocations
 + Level 2.9 Shapeshifting


You had 11 spell levels left.
You knew the following spells:

 Your Spells              Type           Power      Damage    Failure   Level
a - Freeze                Ice            100%       1d10      1%          1
b - Frozen Ramparts       Ice            50%        1d8       1%          3
c - Summon Ice Beast      Ice/Summ       18%        N/A       5%          3
q - Sting                 Conj/Alch      44%        1d5       5%          1

Your spell library contained the following spells:

 Spells                   Type           Power      Damage    Failure   Level
 Ozocubu's Armour         Ice            25%        N/A       1%          3
 Apportation              Tloc           22%        N/A       5%          1
 Necrotise                Necr           44%        1d6       5%          1
 Summon Small Mammal      Summ           44%        N/A       5%          1
 Passwall                 Erth           11%        N/A       16%         3
 Volatile Blastmotes      Fire/Tloc      22%        2d11      16%         3
 Vhi's Electric Charge    Tloc/Air       22%        N/A       45%         4
 Bombard                  Conj/Erth      5%         9d2       100%        6


Dungeon Overview and Level Annotations

Branches:
Dungeon (5/15)             Temple (1/1) D:5

Altars:
Cheibriados
Dithmenos
Elyvilon
Fedhas
Gozag
Hepliaklqana
Kikubaaqudgha
Makhleb
Nemelex Xobeh
Qazlal
Ru
Trog
Uskayaw
Vehumet
Wu Jian
Yredelemnul
Zin
The Shining One
Beogh

Annotations:
D:5 Edmund


Innate Abilities, Weirdness & Mutations

You have very sharp teeth.
Your uncanny sense of smell can sniff out nearby items.
Your experience applies equally to all skills.


Message History

Edmund is almost dead.
The wall freezes Edmund but does no damage.
Edmund hits you with a +1 dire flail of protection!
* * * LOW HITPOINT WARNING * * *
You hit Edmund.
Edmund is almost dead.
The wall freezes Edmund but does no damage.
Edmund hits you with a +1 dire flail of protection.
* * * LOW HITPOINT WARNING * * *
The wall freezes Edmund but does no damage.
Edmund barely misses you.
e - a +0 great mace (weapon)
You barely miss Edmund.
Edmund is almost dead.
The frozen ramparts melt away.
Edmund hits you with a +1 dire flail of protection.
* * * LOW HITPOINT WARNING * * *
Edmund barely misses you.
You barely miss Edmund. Your bite misses Edmund.
Edmund is almost dead.
Edmund hits you but does no damage.
Casting: Frozen Ramparts (safe; 1% risk of failure)
Confirm with . or Enter, or press ? or * to list all spells.
Casting: Frozen Ramparts (safe; 1% risk of failure)
Press: ? - help, Dir - look around, f - activate The walls around you are covered in ice.
The wall freezes Edmund.
Edmund closely misses you.
Unknown command.
You barely miss Edmund.
Edmund is almost dead.
The wall freezes Edmund but does no damage.
Edmund completely misses you.
The wall freezes Edmund.
Edmund closely misses you.
You barely miss Edmund.
Edmund is almost dead.
The wall freezes Edmund but does no damage.
Edmund hits you with a +1 dire flail of protection!
You die...
Edmund says, "That'll show my brother!"
Your body crumbles into a pile of gold.

..... #.......####..##. #.
#.......# #..###
####.##.####..### #
##....#..##...# #.....
............... #....#
......###..#<.. #....#
##......#####...
#....###........# ..##
#.....@@......... #...
#................ ....
#......................
#########.#.........##.......##
#.....##......#.....#.........
##...........##.........
##......##...##.....[..
#......................
#.).................... ..


You could see Edmund.

Vanquished Creatures
  The ghost of Fodor the Shield-Bearer, an amateur MiFi (D:3)
  2 ogres
  A water moccasin zombie (D:3)
  2 bombardier beetles (D:5)
  2 bullfrog zombies (D:3)
  3 hounds
  A jelly (D:4)
  An orc priest (D:3)
  Jessica (D:2)
  2 iguanas (D:4)
  Natasha (twice) (D:3)
  2 orc wizards
  A gnoll (D:1)
  8 adders
  A shadow imp (D:4)
  5 dart slugs
  A ribbon worm (D:4)
  12 orcs
  4 ball pythons
  7 endoplasms
  4 giant cockroaches
  8 goblins
  8 hobgoblins
  5 kobolds
  7 quokkas
  7 bats
  2 frilled lizards (D:1)
  4 rats
104 creatures vanquished.

Vanquished Creatures (collateral kills)
  A scorpion (D:4)
  A centaur skeleton (D:3)
  A howler monkey skeleton (D:3)
3 creatures vanquished.

Grand Total: 107 creatures vanquished

Notes
Turn   | Place    | Note
-------+----------+-------------------------------------------
     0 | D:1      | 0gre the Gnoll Ice Elementalist began the quest for the
                  | Orb.
     0 | D:1      | Reached XP level 1. HP: 13/13 MP: 6/6
   125 | D:1      | Reached XP level 2. HP: 19/19 MP: 3/7
   393 | D:1      | Reached skill level 5 in Spellcasting
   393 | D:1      | Reached XP level 3. HP: 20/25 MP: 6/9
   397 | D:1      | Learned a level 3 spell: Frozen Ramparts
   471 | D:1      | Reached skill level 1 in Invocations
   738 | D:2      | Reached skill level 1 in Fighting
   738 | D:2      | Reached skill level 1 in Short Blades
   738 | D:2      | Reached skill level 1 in Long Blades
   738 | D:2      | Reached skill level 1 in Axes
   738 | D:2      | Reached skill level 1 in Maces & Flails
   738 | D:2      | Reached skill level 1 in Polearms
   738 | D:2      | Reached skill level 1 in Staves
   738 | D:2      | Reached skill level 1 in Ranged Weapons
   738 | D:2      | Reached skill level 1 in Throwing
   738 | D:2      | Reached skill level 1 in Armour
   738 | D:2      | Reached skill level 1 in Shields
   738 | D:2      | Reached skill level 1 in Unarmed Combat
   738 | D:2      | Reached skill level 1 in Evocations
   843 | D:2      | Reached skill level 1 in Shapeshifting
   843 | D:2      | Reached XP level 4. HP: 28/32 MP: 11/11
   957 | D:2      | Reached skill level 1 in Conjurations
   957 | D:2      | Reached skill level 1 in Hexes
   957 | D:2      | Reached skill level 1 in Summonings
   957 | D:2      | Reached skill level 1 in Necromancy
   957 | D:2      | Reached skill level 1 in Translocations
   957 | D:2      | Reached skill level 1 in Fire Magic
   957 | D:2      | Reached skill level 1 in Air Magic
   957 | D:2      | Reached skill level 1 in Earth Magic
   957 | D:2      | Reached skill level 1 in Alchemy
  1015 | D:2      | Found a white marble altar of Elyvilon.
  1026 | D:2      | Noticed Jessica
  1041 | D:2      | Killed Jessica
  1042 | D:2      | Reached XP level 5. HP: 10/37 MP: 6/12
  1227 | D:2      | Learned a level 3 spell: Summon Ice Beast
  1363 | D:3      | Found a faded altar of an unknown god.
  1549 | D:3      | Identified the +0 chain mail of the Dull Frog {Rampage
                  | rPois Slay+3}
  1625 | D:3      | Noticed Natasha
  1642 | D:3      | Killed Natasha
  1768 | D:3      | Found a runed translucent gate.
  1772 | D:3      | Found a runed translucent gate.
  1772 | D:3      | Found a runed translucent gate.
  1776 | D:3      | Noticed Fodor's ghost (amateur MiFi)
  2207 | D:3      | Found a roughly hewn altar of Beogh.
  2212 | D:3      | Reached XP level 6. HP: 44/44 MP: 9/13
  2231 | D:3      | Reached skill level 5 in Dodging
  2550 | D:3      | Killed Fodor's ghost
  2560 | D:3      | Reached XP level 7. HP: 22/50 MP: 11/15
  2602 | D:3      | Noticed Natasha
  2682 | D:3      | Killed Natasha
  2740 | D:4      | Learned a level 1 spell: Sting
  2862 | D:4      | Reached skill level 5 in Stealth
  3314 | D:4      | Reached XP level 8. HP: 16/58 MP: 12/16
  3751 | D:5      | Entered Level 5 of the Dungeon
  3751 | D:5      | Noticed Edmund
  3762 | D:5      | Found a staircase to the Ecumenical Temple.
  3770 | Temple   | Entered the Ecumenical Temple
  3776 | Temple   | Became a worshipper of Gozag Ym Sagoz the Greedy
  4219 | D:5      | Slain by Edmund

Illustrated notes

Levels and vault maps discovered:
D:1:      saegor_arrival_simple_a, layout_rooms
D:2:      layout_rooms, basic_altar, minmay_goblin_kobold_house, uniq_jessica
D:3:      layout_basic, ebering_ecumenical_altar_abandoned,
          gammafunk_ghost_necromancy, moated_statue, palyth_stone_intersect,
          kennysheep_orc_chapel, uniq_natasha
D:4:      layout_gridville, corexii_hall_statues_x, hex_medium, minivault_14,
          st_stairs_7
D:5:      layout_cave_pools, minmay_temple_entry_butterflies,
          gup_sewer_entry_spiral, uniq_edmund
Temple:   dpeg_three_leaves_temple

Skill      XL: |  1  2  3  4  5  6  7  8 |
---------------+-------------------------+-----
Spellcasting   | 5 6 |  6.0
Invocations    | 1 2 3 |  3.5
Fighting       | 1 2 3 |  3.2
Short Blades   | 1 2 3 |  3.2
Long Blades    | 1 2 3 |  3.2
Axes           | 1 2 3 |  3.2
Maces & Flails | 1 2 3 |  3.2
Polearms       | 1 2 3 |  3.2
Staves         | 1 2 3 |  3.2
Ranged Weapons | 1 2 3 |  3.2
Throwing       | 1 2 3 |  3.2
Armour         | 1 2 3 |  3.2
Shields        | 1 2 3 |  3.2
Unarmed Combat | 1 2 3 |  3.2
Evocations     | 1 2 3 |  3.2
Shapeshifting  | 1 2 |  2.9
Conjurations   | 1 2 |  2.6
Hexes          | 1 2 |  2.6
Summonings     | 1 2 |  2.6
Necromancy     | 1 2 |  2.6
Translocations | 1 2 |  2.6
Fire Magic     | 1 2 |  2.6
Air Magic      | 1 2 |  2.6
Earth Magic    | 1 2 |  2.6
Alchemy        | 1 2 |  2.6
Dodging        | 5 |  5.6
Stealth        | 5 |  5.3
Ice Magic      | |  7.6

Action                     |  1- 3 |  4- 6 |  7- 9 || total
---------------------------+-------+-------+-------++-------
  Melee: Dagger            |    19 |    19 |       ||    38
         Bite              |     5 |    12 |     9 ||    26
         Unarmed           |     1 |       |       ||     1
         Spear             |    36 |    54 |       ||    90
         Short sword       |       |    15 |       ||    15
         Long sword        |       |    39 |    81 ||   120
         Great mace        |       |     2 |    17 ||    19
   Fire: Sling             |       |       |    24 ||    24
   Cast: Freeze            |    28 |       |     1 ||    29
         Frozen Ramparts   |     2 |    10 |    12 ||    24
         Summon Ice Beast  |       |     4 |     2 ||     6
         Sting             |       |       |     5 ||     5
    Use: Potion            |       |     3 |       ||     3
         Scroll            |       |       |     7 ||     7
   Stab: Sleeping          |     3 |     7 |       ||    10
 Armour: Robe              |    32 |    71 |    55 ||   158
  Dodge: Dodged            |    53 |    83 |    70 ||   206

Table legend: (Time is in decaauts)
 A = Elapsed time spent in this place.
 B = Non-inter-level travel time spent in this place.
 C = Inter-level travel time spent in this place.
 D = Time resting spent in this place.
 E = Time spent auto-exploring this place.
 F = Levels seen in this place.
 G = Mean time per level.
                   A        B        C        D        E       F      G
               +--------+--------+--------+--------+--------+-----+--------+
         Total |   4254 |   4184 |     70 |    285 |   2453 |   6 |  709.0 |
       Dungeon |   4241 |   4171 |     70 |    285 |   2453 |   5 |  848.2 |
        Temple |     12 |     12 |      0 |      0 |      0 |   1 |   12.0 |
               +--------+--------+--------+--------+--------+-----+--------+

Top non-repeatable levels by time:
     D:3: 1500 daAuts
     D:4: 1026 daAuts
     D:1: 711 daAuts
     D:2: 541 daAuts
     D:5: 461 daAuts
  Temple: 12 daAuts
